 Dungeon Crawl Stone Soup version 0.24.0-13-gcf9b3192b9 (webtiles) character file.

Game seed: 5809723832761632820, levelgen mode: deterministic

22104 inmateoo the Severer (level 13, -16/106 HPs)
             Began as a Human Berserker on Nov 5, 2019.
             Was a High Priest of Trog.
             Killed from afar by a frost giant (30 damage)
             ... with a bolt of cold
             ... on level 10 of the Dungeon.
             The game lasted 00:16:30 (14886 turns).

inmateoo the Severer (Human Berserker)             Turns: 14886, Time: 00:16:30

Health: -16/106    AC: 15    Str: 29    XL:     13   Next: 25%
Magic:  4/4        EV: 12    Int:  8    God:    Trog [*****.]
Gold:   241        SH: 11    Dex: 17    Spells: 12/12 levels left

rFire    . . .     SeeInvis .   E - +8 mace "Zisivul" {antimagic, +Blink Str+8}
rCold    . . .     Gourm    .   r - +0 shield
rNeg     . . .     Faith    .   z - +1 plate armour
rPois    +         Spirit   .   s - +0 hat {MR+}
rElec    .         Reflect  .   H - scarf {cloud immunity}
rCorr    .         Harm     .   B - +1 pair of gloves {Dex+3}
MR       ++...                  (no boots)
Stlth    ..........             (no amulet)
HPRegen  0.27/turn              h - +2 ring of evasion
MPRegen  0.09/turn              k - ring of protection from magic

@: no status effects
A: hooves 1, blurry vision 1, poison resistance, evolution 1, sturdy frame 1
a: Berserk, Trog's Hand, Brothers in Arms, Renounce Religion, Evoke Blink


You were on level 10 of the Dungeon.
You worshipped Trog.
Trog was extremely pleased with you.
You were not hungry.

You visited 1 branch of the dungeon, and saw 12 of its levels.
You also visited: Sewer.

You collected 634 gold pieces.
You spent 393 gold pieces at shops.

Inventory:

Hand Weapons
 y - a +2 antimagic battleaxe
 C - a +3 war axe
 D - a +1 whip of electrocution
 E - the +8 mace "Zisivul" (weapon) {antimagic, +Blink Str+8}
   (You found it on level 11 of the Dungeon)

   It reduces the magical energy of the wielder, and disrupts the spells and
   magical abilities of those hit.
   Natural abilities and divine invocations are not affected.
   It affects your strength (+8).
   It lets you blink.
Missiles
 a - 2 throwing nets (quivered)
Armour
 r - a +0 shield (worn)
 s - a +0 hat of magic resistance (worn)
 z - a +1 plate armour (worn)
 B - a +1 pair of gloves of dexterity (worn)
 H - a scarf of cloud immunity (worn)
 J - +0 fire dragon scales
Jewellery
 h - a +2 ring of evasion (left hand)
 i - an uncursed ring of poison resistance
 k - a ring of protection from magic (right hand)
 o - an uncursed ring of resist corrosion
 I - a cursed ring of attention {unknown}
Wands
 j - a wand of paralysis (27)
 p - a wand of digging (5)
 w - a wand of polymorph (20)
 A - a wand of disintegration (13)
Scrolls
 d - 4 scrolls of teleportation
 e - 6 scrolls of identify
 g - 4 scrolls of fear
 q - 2 scrolls of enchant armour
 v - 5 scrolls of remove curse
Potions
 b - 4 potions of flight
 f - 3 potions of agility
 l - a potion of brilliance
 m - 6 potions of curing
 n - 4 potions of might
 t - 2 potions of magic
 u - 3 potions of cancellation
 x - 3 potions of mutation
 F - a potion of resistance
Comestibles
 c - 22 rations
 K - 4 chunks of flesh


   Skills:
 + Level 11.5 Fighting
 - Level 15.0 Axes
 + Level 5.9 Armour
 + Level 5.8 Dodging
 + Level 5.4 Shields


You had 12 spell levels left.
You didn't know any spells.
Your spell library was empty.

Dungeon Overview and Level Annotations

Branches:
Dungeon (12/15)            Temple (0/1) D:5            Lair (0/6) D:10
    Orc (0/2) D:10          Sewer (visited)

Altars:
Dithmenos
Fedhas

Shops:
D:5 [?   D:6 ?[   D:8 [[[!!

Annotations:
D:4 2 runed translucent doors, Lanoc's ghost, amateur DrGl


Innate Abilities, Weirdness & Mutations

You have large cloven feet.
Scrolls take you a little longer to read.
Your system is resistant to poisons. (rPois)
You evolve.
Your movements are slightly less encumbered by armour. (ER -2)


Message History

The frost giant hits you with a +2 battleaxe of freezing!!
* * * LOW HITPOINT WARNING * * *
The frost giant freezes you!
* * * LOW HITPOINT WARNING * * *
Unknown command.
Unknown command.
Your two-headed ogre rages.
Unknown command.
Unknown command.
Your two-headed ogre rages.
Unknown command.
Unknown command.
Your two-headed ogre barely misses the frost giant.
Your two-headed ogre hits the frost giant with a +0 giant club!!
Unknown command.
Unknown command.
Really read with blurry vision while enemies are nearby?
The frost giant gestures at you while chanting.
The bolt of cold hits you!!
You die...

.###.##.........##.......#..###.#
.# #.#..........##...............
.# #......########.......#..###.#
.# ###...## #.......#...)..# .#
#...# #.......#.###### <# #...#
#######.............#
.#####...###....####...#.......#
...........#.......###.#......<#
.....).....#[OC.@....##........#
((((.(....>##'#####'####.......#
#####....#.#...# #...#.#.......#
# #....#.#.....##).(.##......# #
#....#.#......##.#(.######## #
#....#.#######.###..#### #....#.#
.##..##.# #......# ##...#.######
###.#### #...#.##..).


You could see a frost giant and a friendly two-headed ogre (berserk).

Vanquished Creatures
  Jorgrun (D:12)
  A fire dragon (D:10)
  5 two-headed ogres
  Nergalle (D:11)
  Pikel (D:7)
  An ugly thing (D:12)
  A cyclops (D:12)
  2 gargoyles
  A troll (D:11)
  3 hippogriffs
  A meliai zombie (D:10)
  A spriggan (shapeshifter) (D:10)
  2 wraiths
  18 yaks
  A wyvern (D:12)
  A basilisk (D:12)
  4 hogs (D:7)
  2 hungry ghosts (D:11)
  A human (D:7)
  2 vampire mosquitoes (D:11)
  An acid dragon (D:12)
  A soldier ant (D:11)
  2 water moccasins (D:9)
  A slave (D:7)
  3 orc warriors
  An ice beast (D:9)
  2 black bears
  8 ogres
  An eye of draining (D:11)
  5 phantoms
  10 centaurs
  4 big kobolds
  10 bullfrogs
  A gnoll sergeant (D:11)
  2 scorpions
  6 killer bees (D:10)
  A howler monkey (D:6)
  5 wights (D:12)
  10 crimson imps
  4 centaur zombies
  5 orc priests
  4 hounds
  3 jellies
  7 orc wizards
  A bullfrog skeleton (D:11)
  4 centaur skeletons
  Jessica (D:3)
  2 iguanas
  Natasha (thrice) (D:3)
  6 worker ants
  2 hound skeletons
  A howler monkey zombie (D:5)
  9 gnolls (D:11)
  17 adders
  6 river rats
  5 shadow imps
  3 oozes
  An adder zombie (D:5)
  An adder skeleton (D:4)
  2 worms (D:3)
  4 dart slugs
  6 leopard geckos
  41 orcs
  3 ball pythons
  6 giant cockroaches
  10 goblins
  11 hobgoblins
  10 jackals
  5 bats
  4 frilled lizards
  27 kobolds
  A leopard gecko zombie (D:9)
  17 rats
356 creatures vanquished.

Vanquished Creatures (collateral kills)
  A hydra (D:11)
  A deep elf mage (D:11)
  A troll (D:10)
  A hungry ghost (D:10)
4 creatures vanquished.

Grand Total: 360 creatures vanquished

Notes
Turn   | Place    | Note
-------+----------+-------------------------------------------
     0 | D:1      | inmateoo the Human Berserker began the quest for the Orb.
     0 | D:1      | Reached XP level 1. HP: 18/18 MP: 1/1
   472 | D:1      | Reached XP level 2. HP: 23/24 MP: 2/2
   920 | D:1      | Reached skill level 4 in Axes
   920 | D:1      | Reached XP level 3. HP: 29/29 MP: 3/3
  1126 | D:2      | Reached ** piety under Trog
  1337 | D:2      | Found a shadowy altar of Dithmenos.
  1367 | D:2      | Reached XP level 4. HP: 35/35 MP: 4/4
  1627 | D:3      | Reached skill level 5 in Axes
  1704 | D:3      | Reached XP level 5. HP: 28/41 MP: 5/5
  1733 | D:3      | Reached *** piety under Trog
  1745 | D:3      | Noticed Natasha
  1746 | D:3      | Found a glowing drain.
  1752 | D:3      | Killed Natasha
  1752 | D:3      | HP: 3/61 [river rat (2)]
  2022 | D:3      | Reached skill level 6 in Axes
  2029 | Sewer    | Entered a sewer
  2041 | Sewer    | Gained mutation: Scrolls take you a little longer to read.
                  | [potion of mutation]
  2041 | Sewer    | Gained mutation: You evolve. [potion of mutation]
  2041 | Sewer    | Gained mutation: You have large cloven feet. [potion of
                  | mutation]
  2041 | Sewer    | Gained mutation: Your system is resistant to poisons.
                  | (rPois) [potion of mutation]
  2041 | Sewer    | HP: 2/41 [river rat (5)]
  2048 | Sewer    | Reached XP level 6. HP: 11/47 MP: 6/6
  2049 | Sewer    | HP: 2/47 [river rat (2)]
  2400 | Sewer    | Found a glowing silver altar of Zin.
  2549 | D:3      | Noticed Jessica
  2558 | D:3      | Killed Jessica
  2558 | D:3      | Reached skill level 7 in Axes
  2673 | D:3      | Noticed Natasha
  2681 | D:3      | Killed Natasha
  2760 | D:3      | Noticed Natasha
  2778 | D:3      | Killed Natasha
  2778 | D:3      | Reached XP level 7. HP: 33/52 MP: 7/7
  3407 | D:4      | Reached skill level 8 in Axes
  3601 | D:4      | Found a large runed translucent door.
  3602 | D:4      | Found a large runed translucent door.
  3607 | D:4      | Noticed Lanoc's ghost (amateur DrGl)
  4026 | D:4      | Reached **** piety under Trog
  4593 | D:5      | Entered Level 5 of the Dungeon
  4762 | D:5      | Reached XP level 8. HP: 58/58 MP: 8/8
  4799 | D:5      | Found Suckar's Antique Armour Boutique.
  4818 | D:5      | Reached skill level 9 in Axes
  4904 | D:5      | Found a staircase to the Ecumenical Temple.
  5120 | D:5      | Found Ethri's Magic Scroll Emporium.
  5263 | D:5      | Bought an embroidered hat for 217 gold pieces
  5611 | D:6      | Reached skill level 10 in Axes
  5638 | D:6      | Found Fomm's Antique Armour Shop.
  5858 | D:6      | Found Dorecud's Magic Scroll Shoppe.
  6195 | D:7      | Reached XP level 9. HP: 38/63 MP: 9/9
  6441 | D:7      | Reached skill level 11 in Axes
  6449 | D:7      | Reached skill level 12 in Axes
  6988 | D:7      | Noticed Pikel
  6991 | D:7      | Gained mutation: Your movements are slightly less
                  | encumbered by armour. (ER -2) [evolution]
  7007 | D:7      | Killed Pikel
  7184 | D:7      | Reached XP level 10. HP: 68/70 MP: 10/10
  7553 | D:8      | Found Hipakk's Antique Armour Emporium.
  7563 | D:8      | Found Zeyt's Antique Armour Shop.
  7674 | D:8      | Reached skill level 13 in Axes
  7776 | D:8      | Found Wiyd's Distillery.
  7871 | D:8      | Found Arar Zowk's Distillery.
  8295 | D:8      | Found Bema Cih's Antique Armour Shop.
  8411 | D:9      | Found a blossoming altar of Fedhas.
  8484 | D:9      | Reached ***** piety under Trog
  8524 | D:9      | Reached skill level 14 in Axes
  9164 | D:9      | Noticed a two-headed ogre
  9196 | D:9      | Killed a two-headed ogre
  9682 | D:10     | Entered Level 10 of the Dungeon
  9682 | D:10     | Found a staircase to the Orcish Mines.
  9703 | D:10     | Reached XP level 11. HP: 68/75 MP: 11/11
  9742 | D:10     | Reached skill level 15 in Axes
  9768 | D:10     | Reached skill level 5 in Fighting
  9811 | D:10     | Noticed a two-headed ogre
  9823 | D:10     | Killed a two-headed ogre
 10719 | D:11     | Received a gift from Trog
 11125 | D:11     | Noticed a deep elf mage
 11125 | D:11     | Noticed a four-headed hydra
 11130 | D:11     | Noticed a sixfirhy
 11189 | D:11     | Killed a four-headed hydra
 11201 | D:11     | Killed a deep elf mage
 11618 | D:11     | Noticed Nergalle
 11639 | D:11     | Killed Nergalle
 11756 | D:11     | Got a pitted mace
 11757 | D:11     | Identified the +8 mace "Zisivul" {antimagic, +Blink Str+8}
                  | (You found it on level 11 of the Dungeon)
 11919 | D:11     | Noticed a two-headed ogre
 11932 | D:11     | Killed a two-headed ogre
 11932 | D:11     | Reached skill level 10 in Fighting
 11932 | D:11     | Reached XP level 12. HP: 87/97 MP: 4/12
 12191 | D:12     | Reached skill level 1 in Shields
 12272 | D:12     | Noticed Jorgrun
 12551 | D:12     | Killed Jorgrun
 13068 | D:12     | Received a gift from Trog
 13170 | D:12     | Noticed a two-headed ogre
 13177 | D:12     | Killed a two-headed ogre
 13489 | D:12     | Reached skill level 5 in Armour
 13492 | D:12     | Reached skill level 5 in Dodging
 13506 | D:12     | Reached XP level 13. HP: 78/106 MP: 4/13
 13954 | D:6      | Bought a runed scarf for 176 gold pieces
 14346 | D:10     | Found a staircase to the Lair.
 14347 | D:10     | Noticed a fire dragon
 14359 | D:10     | Killed a fire dragon
 14631 | D:10     | Identified the Collected Works on Dark Magic and Air
 14696 | D:10     | Reached skill level 5 in Shields
 14878 | D:10     | Noticed a frost giant
 14886 | D:10     | Killed from afar by a frost giant

Levels and vault maps discovered:
D:1:      psy_arrival_dodecagon, layout_basic
D:2:      layout_rooms, grunt_dithmenos_smoke, first_ration
D:3:      layout_rooms, portal_sewer_entry_a, minmay_cupped, uniq_natasha,
          uniq_jessica
D:4:      layout_loops_ring, ebering_ghost_disaster_area, serial_park_tiny_2,
          st_stairs_8, minmay_unequal
D:5:      layout_basic, lemuel_temple_firewalk_a, serial_shops,
          kennysheep_mini_moat, shop
D:6:      layout_gridville, serial_shops, shop, kennysheep_little_box
D:7:      layout_gridville, minmay_liquid_box, grunt_livestock, uniq_pikel
D:8:      layout_basic, serial_shops, shop, nicolae_shop_window_shopping, shop,
          nicolae_shop_statue_plus, shop
D:9:      layout_basic, fedhas_altar_3
D:10:     minmay_sliced_demisemicircle, layout_loops_cross,
          minmay_lair_entry_lava
D:11:     layout_basic, uniq_erica, uniq_nergalle
D:12:     layout_gridville, hangedman_abyss_or_decor_stabs,
          kennysheep_generic_room_12, uniq_jorgrun

Skill      XL: |  1  2  3  4  5  6  7  8  9 10 11 12 13 |
---------------+----------------------------------------+-----
Axes           | 4 5 6 7 8 10 12 14 15 | 15.0
Fighting       | 10 11 | 11.5
Shields        | 4 5 |  5.4
Armour         | 5 |  5.9
Dodging        | 5 |  5.8

Action                   |  1- 3 |  4- 6 |  7- 9 | 10-12 | 13-15 || total
-------------------------+-------+-------+-------+-------+-------++-------
Melee: Hand axe          |    93 |   169 |   346 |    33 |       ||   641
       Kick              |       |    10 |   107 |   275 |    48 ||   440
       Whip              |       |       |       |   435 |       ||   435
       Mace              |       |       |       |   223 |    93 ||   316
Invok: Berserk           |       |     3 |     4 |     9 |     2 ||    18
       Trog's Hand       |       |     3 |       |     1 |     1 ||     5
       Brothers in Arms  |       |       |       |     4 |     2 ||     6
Evoke: Wand              |       |       |       |     4 |       ||     4
  Use: Potion            |       |     8 |       |     3 |     1 ||    12
       Scroll            |       |       |    14 |     4 |       ||    18
 Stab: Sleeping          |     2 |       |       |       |       ||     2
  Eat: Chunk             |     1 |     9 |    11 |    31 |     1 ||    53
       Ration            |       |       |     2 |     1 |     2 ||     5
Armor: Animal skin       |     7 |       |       |       |       ||     7
       Ring mail         |    22 |    39 |    32 |       |       ||    93
       Plate armour      |       |       |   116 |   262 |    39 ||   417
Dodge: Dodged            |    54 |   154 |   116 |   187 |    32 ||   543
Block: Shield            |       |       |    73 |   262 |    48 ||   383
